[Event "Titled Tuesday Blitz July 26 Early 2022"]
[White "Toncheva, Nadya"]
[Black "Sadubayev, Airat"]
[WhiteFideId "2924056"]
[BlackFideId "13713264"]
[WhiteElo "1888"]
[BlackElo "2163"]
[Result "1/2-1/2"]
[Round "10"]
[TimeControl "180+1"]
[Date "2022.07.26"]
[WhiteClock "0:00:07"]
[BlackClock "0:00:07"]

1. e4 e5 2. Nf3 Nc6 3. Bb5 a6 4. Ba4 Nf6 5. O-O b5 6. Bb3 Bc5 7. Re1 O-O 8. c3 d6 9. d4 Bb6 10. h3 Rb8 11. Bg5 h6 12. Bh4 Bd7 13. a4 g5 14. Bg3 Qe7 15. d5 Na5 16. Bc2 Kg7 17. Nbd2 Nc4 18. axb5 axb5 19. Nxc4 bxc4 20. Qe2 Bc5 21. Ra2 Nh5 22. Bh2 Nf4 23. Bxf4 gxf4 24. Ba4 Bxa4 25. Rxa4 Kh8 26. Rxc4 Rg8 27. b4 Bb6 28. Rc6 Rg7 29. Ra1 Rbg8 30. Ne1 Rg3 31. Kf1 R3g6 32. Qh5 Kh7 33. c4 f3 34. gxf3 Rg1+ 35. Ke2 Bd4 36. Rd1 R8g5 37. Qh4 Rh1 38. f4 exf4 39. Rxd4 Rxe1+ 40. Kd2 Rxe4 41. Rxe4 Qxe4 42. Rxc7 Kg7 43. c5 Rxd5+ 44. Kc3 Qd3+ 45. Kb2 Qd2+ 46. Kb3 Qd1+ 47. Kc3 Rd3+ 48. Kc4 Qc2+ 49. Kb5 Rd5 50. Qg4+ Rg5 51. Qc8 Qd3+ 52. Kb6 dxc5 53. Rxc5 Qd6+ 54. Qc6 Qd8+ 55. Qc7 Qf6+ 56. Rc6 Qd4+ 57. Kb7 Qxb4+ 58. Kc8 Qf8+ 59. Qd8 Qxd8+ 60. Kxd8 Rg2 61. Rd6 Rxf2 62. Rd4 f3 63. Ke7 Rf1 64. Rf4 f2 65. Rxf7+ Kg6 66. Kf8 h5 67. Rf3 Kg5 68. Kf7 Kh4 69. Kf6 Rh1 70. Rxf2 Rxh3 71. Kf5 Rg3 72. Kf4 Rg4+ 73. Kf3 Kg5 74. Rh2 h4 75. Rg2 Rxg2 76. Kxg2 Kg4 77. Kh2 h3 78. Kh1 Kh4 79. Kg1 Kg4 80. Kh1 Kg3 81. Kg1 h2+ 82. Kh1 Kh3 1/2-1/2


[Site "https://www.chess.com"]

[Event "Titled Tuesday Blitz July 26 Early 2022"]
[White "Tong, Hai Anh"]
[Black "Stanisz, Patryk"]
[WhiteFideId "12412805"]
[BlackFideId "1123106"]
[WhiteElo "1467"]
[BlackElo "1833"]
[Result "1/2-1/2"]
[Round "10"]
[TimeControl "180+1"]
[Date "2022.07.27"]
[WhiteClock "0:00:27"]
[BlackClock "0:00:04"]

1. d4 d5 2. c4 c6 3. Nf3 Nf6 4. Nc3 e6 5. Bg5 h6 6. Bxf6 Qxf6 7. e3 g6 8. Qb3 Nd7 9. cxd5 exd5 10. Bd3 Bg7 11. h4 h5 12. Ng5 O-O 13. Rh3 Qe7 14. Kf1 Nf6 15. Rf3 Ng4 16. Kg1 Bf6 17. Qc2 Bxg5 18. hxg5 Qxg5 19. e4 Be6 20. Re1 Rad8 21. exd5 Bxd5 22. Nxd5 Rxd5 23. Re4 Rf5 24. Rxf5 Qxf5 25. f3 Nh6 26. Qb3 Qd7 27. Kh1 Nf5 28. Rf4 Nxd4 29. Qc4 Ne6 30. Rf6 Kg7 31. Qc3 Qd4 32. Qxd4 Nxd4 33. Rd6 Ne6 34. Bc4 Rd8 35. Rxd8 Nxd8 36. Kg1 Kf6 37. Kf2 Ke5 38. Ke3 b5 39. f4+ Kd6 40. Bd3 a6 41. b4 c5 42. bxc5+ Kxc5 43. f5 gxf5 44. Bxf5 Ne6 45. Be4 a5 46. Bf3 b4 47. Bxh5 a4 48. Bxf7 Ng5 49. Bg8 Kd6 50. Kf4 Ne6+ 51. Ke3 Nc5 52. Bc4 b3 53. axb3 axb3 54. Kd2 Ke5 55. Kc3 Ne4+ 56. Kb2 Nd2 57. Ba6 Kf4 58. Bb7 Kg3 59. Bd5 Nf1 60. Bb7 Ne3 61. Bc6 Nxg2 62. Ba8 Ne3 63. Kxb3 1/2-1/2


[Site "https://www.chess.com"]

[Event "Titled Tuesday Blitz July 26 Early 2022"]
[White "Urbina Perez, Juan Antonio"]
[Black "Cruz Mendez, Jean Marco"]
[WhiteFideId "2217368"]
[BlackFideId "3526402"]
[WhiteElo "2192"]
[BlackElo "2064"]
[Result "1/2-1/2"]
[Round "10"]
[TimeControl "180+1"]
[Date "2022.07.27"]
[WhiteClock "0:00:25"]
[BlackClock "0:00:33"]

1. e4 e5 2. Nf3 Nc6 3. Bb5 a6 4. Ba4 Nf6 5. d3 b5 6. Bb3 Bc5 7. Nc3 d6 8. O-O h6 9. Nd5 Be6 10. Nxf6+ Qxf6 11. Be3 O-O 12. c3 Bxe3 13. fxe3 Qe7 14. d4 Bxb3 15. Qxb3 Kh8 16. Qd5 Qd7 17. dxe5 Rae8 18. exd6 Qxd6 19. Rad1 Qg6 20. e5 Rd8 21. Qb3 Qe4 22. Rxd8 Qxe3+ 23. Kh1 Rxd8 24. Qxf7 Qe2 25. Rg1 Nxe5 26. Qxc7 Re8 27. Nxe5 Rxe5 28. Qc8+ Kh7 29. Qxa6 Qxb2 30. Qa5 Qf2 31. c4 Qf4 32. cxb5 Rh5 33. h3 Qe3 34. Re1 Rxh3+ 35. gxh3 Qxh3+ 36. Kg1 Qg3+ 37. Kf1 Qf3+ 38. Kg1 Qg3+ 39. Kf1 Qf3+ 40. Kg1 Qg3+ 1/2-1/2


[Site "https://www.chess.com"]

[Event "Titled Tuesday Blitz July 26 Early 2022"]
[White "Vachylia, Andrii"]
[Black "Papasimakopoulos, Alexandros"]
[WhiteFideId "14137224"]
[BlackFideId "4244125"]
[WhiteElo "2318"]
[BlackElo "2340"]
[Result "1-0"]
[Round "10"]
[TimeControl "180+1"]
[Date "2022.07.26"]
[WhiteClock "0:00:08"]
[BlackClock "0:00:05"]

1. e4 e6 2. d4 d5 3. Nc3 Bb4 4. e5 b6 5. Qg4 Bf8 6. g3 Ba6 7. Nge2 c5 8. Be3 Nc6 9. O-O-O c4 10. a4 Nge7 11. f4 Nf5 12. Bf2 Bb4 13. Qf3 h5 14. h3 g6 15. g4 Nfe7 16. Bh4 Qd7 17. Bf6 O-O-O 18. Bxh8 Rxh8 19. Bg2 Na5 20. Qe3 Bb7 21. Nb5 a6 22. Nd6+ Bxd6 23. exd6 Nec6 24. Qa3 b5 25. axb5 axb5 26. Qc5 b4 27. f5 gxf5 28. gxf5 c3 29. bxc3 Ba6 30. Nf4 bxc3 31. fxe6 fxe6 32. Rhe1 Nb7 33. Qa3 Qxd6 34. Qxd6 Nxd6 35. Rxe6 Kd7 36. Bxd5 Ra8 37. Re3 Be2 38. Bxc6+ Kxc6 39. Rxc3+ Kb5 40. Nxe2 Ra1+ 41. Kd2 Ne4+ 42. Ke3 Rxd1 43. Kxe4 Re1 44. Re3 Kc6 45. c4 Kd6 46. c5+ Kc6 47. Nf4 Rg1 48. Nd3 Rg8 49. d5+ Kb5 50. Kd4 h4 51. Re4 Rh8 52. Re7 Rf8 53. Rb7+ Ka6 54. c6 Rf3 55. Rb2 Rxh3 56. c7 1-0


[Site "https://www.chess.com"]

[Event "Titled Tuesday Blitz July 26 Early 2022"]
[White "Vakhlamov, Igor L."]
[Black "Molina, Roberto Junio Brito"]
[WhiteFideId "24126748"]
[BlackFideId "2109450"]
[WhiteElo "2401"]
[BlackElo "2432"]
[Result "1/2-1/2"]
[Round "10"]
[TimeControl "180+1"]
[Date "2022.07.26"]
[WhiteClock "0:00:12"]
[BlackClock "0:00:30"]

1. e4 c6 2. c4 d5 3. exd5 cxd5 4. d4 Nf6 5. Nc3 e6 6. c5 Be7 7. Bb5+ Bd7 8. Bxd7+ Qxd7 9. Nf3 O-O 10. Bf4 Nc6 11. a3 b6 12. b4 bxc5 13. bxc5 Qb7 14. O-O Ne4 15. Qc2 Nxc3 16. Qxc3 Qa6 17. Ne5 Nxe5 18. Bxe5 Rfc8 19. Rfc1 Rc6 20. Rab1 Rac8 21. Qb3 f6 22. Bg3 Bf8 23. h3 h6 24. Rc2 Kh8 25. Re1 Qa5 26. Rce2 Qa6 27. Re3 e5 28. dxe5 Bxc5 29. Rf3 fxe5 30. Qxd5 Bd4 31. Bxe5 Bxe5 32. Qxe5 Rc5 33. Qd4 Rc4 34. Qd3 Qa5 35. Rfe3 Rf4 36. Re5 Qb6 37. Re8+ Rf8 38. Rxf8+ Rxf8 39. Re3 Qc5 40. g3 Qc1+ 41. Kg2 Qc6+ 42. Qe4 Qc5 43. h4 Qb6 44. Re2 Qf6 45. a4 a5 46. Rc2 Qd6 47. Qc6 Qd4 48. Re2 Kg8 49. Qe4 Rxf2+ 50. Kh3 Qd7+ 51. Qe6+ Qxe6+ 52. Rxe6 Ra2 53. Re4 g6 54. Kg4 Ra3 55. h5 Kg7 56. hxg6 Kxg6 57. Kf4 Kf6 58. g4 Kf7 59. Ke5 Kg6 60. Kd5 Kg5 61. Kc6 Rg3 62. Re5+ Kxg4 63. Rxa5 h5 64. Ra8 h4 65. a5 Ra3 66. Kb6 h3 67. Rg8+ Kf3 68. a6 h2 69. Rh8 Kg2 70. a7 Rxa7 71. Kxa7 h1=R 72. Rxh1 Kxh1 1/2-1/2


[Site "https://www.chess.com"]

[Event "Titled Tuesday Blitz July 26 Early 2022"]
[White "Wagner, Dennis"]
[Black "Pfreundt, Jakob"]
[WhiteFideId "24650684"]
[BlackFideId "12918156"]
[WhiteElo "2355"]
[BlackElo "2345"]
[Result "1/2-1/2"]
[Round "10"]
[TimeControl "180+1"]
[Date "2022.07.26"]
[WhiteClock "0:00:12"]
[BlackClock "0:00:05"]

1. e4 e5 2. Nf3 Nf6 3. Nxe5 d6 4. Nf3 Nxe4 5. Nc3 Nf6 6. d4 Be7 7. Bd3 O-O 8. O-O a6 9. Re1 Re8 10. h3 b5 11. a4 b4 12. Ne4 Bb7 13. Nfg5 Nxe4 14. Nxe4 Nd7 15. Qh5 Bxe4 16. Bxe4 Nf6 17. Qf3 Nxe4 18. Rxe4 d5 19. Re5 c6 20. Bd2 Qd7 21. Rae1 Bd6 22. Qg4 f5 23. Rxe8+ Rxe8 24. Rxe8+ Qxe8 25. Qxf5 g6 26. Qf6 Qe7 27. Qxe7 Bxe7 28. Kf1 Kf7 29. Ke2 Ke6 30. g4 Bd6 31. Bg5 Bf8 32. Bf4 Be7 33. Be5 Bf8 34. Kf3 c5 35. Kg3 c4 36. b3 cxb3 37. cxb3 Be7 38. h4 Bf8 39. Kf4 Be7 40. g5 Bf8 41. Kg4 Be7 42. f4 Bf8 43. f5+ gxf5+ 44. Kf4 h5 45. g6 Bh6+ 46. Kf3 Bd2 47. Bh8 Bc3 48. Be5 Bd2 49. Kg3 Bc1 50. Kf2 Bd2 51. Kf3 Be1 52. Kf4 Bd2+ 53. Kg3 Be1+ 54. Kh3 Bd2 55. Bg7 Be3 56. Bf8 Bxd4 57. Bxb4 Kf6 58. Bd2 Kxg6 59. b4 Kf6 60. Kg3 Ke5 61. Kf3 Bb6 62. b5 axb5 63. axb5 Bd8 64. Bf4+ Ke6 65. Be3 Bxh4 66. b6 Bd8 67. b7 Bc7 68. Bf4 Kd7 69. b8=Q Bxb8 70. Bxb8 Ke6 71. Kf4 d4 72. Ba7 Kd5 73. Kxf5 d3 74. Be3 Kc4 75. Kg5 d2 76. Bxd2 h4 77. Kxh4 1/2-1/2


[Site "https://www.chess.com"]

[Event "Titled Tuesday Blitz July 26 Early 2022"]
[White "Yeremyan, Alen"]
[Black "Derraugh, Geordie"]
[WhiteFideId "13308998"]
[BlackFideId "2603950"]
[WhiteElo "2158"]
[BlackElo "2116"]
[Result "1-0"]
[Round "10"]
[TimeControl "180+1"]
[Date "2022.07.27"]
[WhiteClock "0:01:09"]
[BlackClock "0:00:01"]

1. g3 g6 2. Bg2 Bg7 3. e4 c6 4. Ne2 d6 5. O-O Nf6 6. d4 O-O 7. f4 e5 8. c4 Re8 9. Nbc3 Qb6 10. Kh1 exd4 11. Nxd4 Bg4 12. Qd3 Na6 13. Be3 Nc5 14. Qc2 Qb4 15. b3 Nfxe4 16. Nxe4 Nxe4 17. Bxe4 f5 18. a3 Qa5 19. Bd2 Qc7 20. Bg2 Bxd4 21. Rae1 Be2 22. Rxe2 Rxe2 23. Qd3 Rxd2 24. Qxd2 Bf6 25. Re1 Qd7 26. h4 Rd8 27. Qe3 a6 28. Qb6 Rf8 29. b4 Rf7 30. a4 Kg7 31. b5 axb5 32. cxb5 d5 33. Rd1 Bd8 34. Qd4+ Bf6 35. Qb6 Qd8 36. Qc5 Rc7 37. Kh2 d4 38. bxc6 bxc6 39. a5 Rc8 40. a6 Ra8 41. Qxc6 Ra7 42. Qb5 Qc7 43. Rd2 Qc8 44. Bb7 Qc3 45. Qd3 Qc1 46. Re2 Qa1 47. Qb5 Qd1 48. Qd7+ Kh6 49. Rg2 d3 50. Qd6 1-0


[Site "https://www.chess.com"]

[Event "Titled Tuesday Blitz July 26 Early 2022"]
[White "Yuan, Qingyu"]
[Black "Howell, David W L"]
[WhiteFideId "8609772"]
[BlackFideId "410608"]
[WhiteElo "2359"]
[BlackElo "2559"]
[Result "0-1"]
[Round "10"]
[TimeControl "180+1"]
[Date "2022.07.26"]
[WhiteClock "0:00:05"]
[BlackClock "0:00:08"]

1. e4 c5 2. Nf3 d6 3. Bb5+ Nd7 4. c4 g6 5. Nc3 Bg7 6. h3 Nf6 7. d3 O-O 8. Ba4 b6 9. Be3 Bb7 10. O-O Rc8 11. Qd2 e6 12. Bxd7 Nxd7 13. Bg5 f6 14. Bh6 Ne5 15. Bxg7 Nxf3+ 16. gxf3 Kxg7 17. d4 f5 18. Kg2 Qf6 19. d5 Rce8 20. Qf4 e5 21. Qg3 Bc8 22. h4 h6 23. Rae1 Kh7 24. Rh1 Bd7 25. a3 a6 26. a4 Re7 27. b3 Rb8 28. Ra1 Qf8 29. Kf1 Rf7 30. Ke2 Rf6 31. Rh2 Qf7 32. Rg1 Rf8 33. Rhg2 Be8 34. Qh2 Qb7 35. Rg3 b5 36. axb5 axb5 37. Kd3 fxe4+ 38. fxe4 bxc4+ 39. bxc4 Rxf2 40. R1g2 Qb2 41. Rxf2 Rxf2 42. Qxf2 Qxf2 43. Re3 Bd7 44. Ne2 Bg4 45. Ng3 Bd1 46. Ne2 Bxe2+ 47. Rxe2 Qd4+ 48. Kc2 Qxc4+ 49. Kd2 Qd4+ 50. Ke1 Qg1+ 51. Kd2 Qg3 52. Rh2 Qxh2+ 0-1


[Site "https://www.chess.com"]

[Event "Titled Tuesday Blitz July 26 Early 2022"]
[White "Zhigalko, Sergei"]
[Black "Lazavik, Denis"]
[WhiteFideId "13502956"]
[BlackFideId "13515110"]
[WhiteElo "2662"]
[BlackElo "2437"]
[Result "1/2-1/2"]
[Round "10"]
[TimeControl "180+1"]
[Date "2022.07.26"]
[WhiteClock "0:00:05"]
[BlackClock "0:00:05"]

1. e4 e5 2. Nf3 Nc6 3. Bb5 Nf6 4. O-O Nxe4 5. d4 Nd6 6. Bxc6 dxc6 7. dxe5 Nf5 8. Qxd8+ Kxd8 9. Nc3 Ke8 10. h3 h5 11. Bg5 Be7 12. Rad1 Be6 13. b3 h4 14. Kh2 Rh5 15. Bxe7 Nxe7 16. Rfe1 Ng6 17. Ne4 Rd8 18. Rxd8+ Kxd8 19. Neg5 Ke7 20. c4 Rh8 21. Nxe6 fxe6 22. Re4 a5 23. Rg4 Kf7 24. Ng5+ Ke7 25. Nf3 Kf7 26. Ng5+ Ke7 27. f4 Rh6 28. Kg1 b5 29. a4 bxa4 30. bxa4 Rh8 31. Nf3 Kf7 32. Ng5+ Ke7 33. Nxe6 Nxe5 34. fxe5 Kxe6 35. Rxg7 Kxe5 36. Rxc7 Kd6 37. Ra7 Kc5 38. Rxa5+ Kxc4 39. Rg5 c5 40. a5 Kb4 41. Rg7 Kxa5 42. Rc7 Kb4 43. Rb7+ Kc3 44. Kf2 c4 45. Kf3 Kc2 46. g3 hxg3 47. Kxg3 c3 48. Rc7 Kb2 49. h4 c2 50. Kg4 c1=Q 51. Rxc1 Kxc1 52. Kg5 Kd2 53. h5 Ke3 54. h6 Ke4 55. Kg6 Kf4 56. Kg7 Ra8 57. h7 Kg5 58. h8=Q Rxh8 59. Kxh8 1/2-1/2


[Site "https://www.chess.com"]

[Event "Titled Tuesday Blitz July 26 Early 2022"]
[White "Altman, Joshua"]
[Black "Wagner, Dennis"]
[WhiteFideId "426210"]
[BlackFideId "24650684"]
[WhiteElo "1945"]
[BlackElo "2355"]
[Result "1/2-1/2"]
[Round "11"]
[TimeControl "180+1"]
[Date "2022.07.26"]
[WhiteClock "0:00:08"]
[BlackClock "0:00:06"]

1. d4 Nf6 2. c4 e6 3. Nf3 Bb4+ 4. Nbd2 O-O 5. a3 Be7 6. e4 d6 7. Bd3 Nfd7 8. O-O e5 9. d5 a5 10. Rb1 Nc5 11. Bc2 a4 12. Re1 f5 13. exf5 Bxf5 14. Bxf5 Rxf5 15. Qc2 Qd7 16. Nf1 Nba6 17. Ng3 Rf7 18. Be3 Raf8 19. Nd2 Bh4 20. Nde4 Bxg3 21. hxg3 Qf5 22. Bxc5 Nxc5 23. f3 Qg6 24. g4 Rf4 25. Qd2 Nxe4 26. fxe4 Rxe4 27. Rf1 Rxg4 28. Rxf8+ Kxf8 29. Rf1+ Kg8 30. Qf2 Rf4 31. Qa7 Rxf1+ 32. Kxf1 Qb1+ 33. Kf2 Qxb2+ 34. Kg3 Qxa3+ 35. Kh2 Kf7 36. Qxb7 Qc5 37. Qc8 Kf6 38. Qf8+ Kg6 39. g4 Kh6 40. Qf5 g6 41. Qf6 Qe3 42. Qh4+ Kg7 43. Qe7+ Kg8 44. Qe8+ Kg7 45. Qe7+ Kh6 46. Qh4+ Kg7 47. Qe7+ 1/2-1/2


[Site "https://www.chess.com"]

[Event "Titled Tuesday Blitz July 26 Early 2022"]
[White "Ambartsumova, Karina"]
[Black "Svane, Frederik"]
[WhiteFideId "4166299"]
[BlackFideId "12923044"]
[WhiteElo "2262"]
[BlackElo "2459"]
[Result "1-0"]
[Round "11"]
[TimeControl "180+1"]
[Date "2022.07.26"]
[WhiteClock "0:00:15"]
[BlackClock "0:00:06"]

1. Nf3 d5 2. c4 e6 3. g3 d4 4. Bg2 Nc6 5. O-O Bc5 6. e3 Nge7 7. exd4 Nxd4 8. Nxd4 Bxd4 9. Nc3 O-O 10. Ne2 Bf6 11. d4 Nf5 12. Be3 Nxe3 13. fxe3 c6 14. Nc3 e5 15. d5 Bg5 16. Qe2 Qb6 17. Rae1 Bd7 18. Kh1 Rae8 19. e4 Be7 20. Rd1 Qc7 21. d6 Bxd6 22. Qd2 Re6 23. c5 Bxc5 24. Qxd7 Re7 25. Qxc7 Rxc7 26. Bh3 g6 27. Ne2 Kg7 28. Rd3 Re7 29. Rfd1 Rfe8 30. Rd7 Rxd7 31. Rxd7 Re7 32. Rxe7 Bxe7 33. Kg2 Kf6 34. Bc8 b6 35. Bd7 c5 36. Nc3 Kg7 37. Nd5 Bd8 38. Kf3 h5 39. Ke2 Kh6 40. a4 h4 41. g4 h3 42. Kf3 Bh4 43. Bc8 Kg5 44. Ne3 Be1 45. Bd7 Bd2 46. Nd1 Bf4 47. Nf2 Kh4 48. g5 Bxh2 49. Nxh3 Bg3 50. Kg2 Bf4 51. Be8 Bxg5 52. Bxf7 Kh5 53. Nxg5 Kxg5 54. Kf3 Kh5 55. b3 Kg5 56. Kg3 Kf6 57. Be8 Kg5 58. Bd7 Kh5 59. Bc6 Kg5 60. Be8 Kh5 61. Kf3 Kg5 62. Ke3 Kh6 63. Kd3 g5 64. Bd7 Kh5 65. Ke3 Kh4 66. Kf3 a6 67. Bc8 b5 68. Bxa6 c4 69. Bxb5 cxb3 70. a5 b2 71. Bd3 Kh3 72. Kf2 Kh2 73. a6 g4 74. a7 g3+ 75. Kf3 b1=Q 76. Bxb1 g2 77. a8=Q g1=N+ 78. Kg4 Nh3 79. Qh8 Kg1 80. Kxh3 Kf2 81. Qxe5 Ke1 82. Qf4 Ke2 83. e5 Kd1 84. Bh7 Ke2 85. e6 Ke1 86. Qe3+ Kd1 87. Qf2 Kc1 88. Qc2# 1-0


[Site "https://www.chess.com"]

[Event "Titled Tuesday Blitz July 26 Early 2022"]
[White "Amburgy, Ryan"]
[Black "Makovec, Bruno"]
[WhiteFideId "30924820"]
[BlackFideId "14536331"]
[WhiteElo "2066"]
[BlackElo "2316"]
[Result "*"]
[Round "11"]
[TimeControl "180+1"]
[Date "2022.07.26"]
[WhiteClock "0:02:36"]
[BlackClock "0:01:55"]

1. d4 Nf6 2. Nc3 d5 3. Bf4 a6 4. e3 c5 5. dxc5 e6 6. b4 a5 7. a3 Bd7 8. Nb5 Bxb5 9. Bxb5+ Nc6 10. Nf3 Be7 11. Ne5 Qc8 12. O-O O-O 13. Bxc6 bxc6 14. c3 Ne4 15. Qc2 Qd8 16. Nxc6 Qd7 17. Nxe7+ Qxe7 18. f3 *


[Site "https://www.chess.com"]

[Event "Titled Tuesday Blitz July 26 Early 2022"]
[White "Andreikin, Dmitry"]
[Black "Ibarra Jerez, Jose Carlos"]
[WhiteFideId "4158814"]
[BlackFideId "2226332"]
[WhiteElo "2736"]
[BlackElo "2628"]
[Result "1-0"]
[Round "11"]
[TimeControl "180+1"]
[Date "2022.07.26"]
[WhiteClock "0:00:12"]
[BlackClock "0:00:04"]

1. Nf3 Nf6 2. g3 g6 3. b3 d6 4. Bb2 Bg7 5. Bg2 e5 6. O-O O-O 7. c4 Nc6 8. d3 Nh5 9. Nc3 f5 10. Nd2 Nf6 11. a3 a5 12. Nd5 Be6 13. b4 axb4 14. axb4 Rxa1 15. Bxa1 Bxd5 16. cxd5 Nxb4 17. Qb3 Na6 18. Qxb7 Nc5 19. Qc6 Qd7 20. Rc1 Bh6 21. Qxd7 Nfxd7 22. Bc3 Ra8 23. Rc2 Ra3 24. Nc4 Rb3 25. Ba5 Rb1+ 26. Bf1 Na6 27. e3 Nb4 28. Bxb4 Rxb4 29. Kg2 Nc5 30. Nxe5 dxe5 31. Rxc5 Rb7 32. Be2 Bf8 33. Rc2 Bd6 34. h4 h5 35. e4 fxe4 36. dxe4 Rb4 37. Bc4 Kf7 38. Kf3 Rb1 39. Ke2 Ra1 40. Bd3 Ke7 41. Rb2 Bc5 42. Rc2 Kd6 43. f4 Bd4 44. Rc6+ Ke7 45. fxe5 Ra2+ 46. Bc2 Bxe5 47. Re6+ Kd7 48. Rxe5 Rxc2+ 49. Kf3 Rc3+ 50. Kf4 c5 51. Re6 c4 52. Rxg6 Rc1 53. Rc6 c3 54. Kg5 c2 55. Kxh5 Re1 56. Rxc2 Rxe4 57. g4 Re5+ 58. g5 Re2 59. Rxe2 1-0


[Site "https://www.chess.com"]

[Event "Titled Tuesday Blitz July 26 Early 2022"]
[White "Avazkhonov, Alikhon"]
[Black "Agasarov, Benik"]
[WhiteFideId "14208504"]
[BlackFideId "13314823"]
[WhiteElo "1739"]
[BlackElo "2683"]
[Result "0-1"]
[Round "11"]
[TimeControl "180+1"]
[Date "2022.07.27"]
[WhiteClock "0:00:02"]
[BlackClock "0:00:36"]

1. e4 c6 2. Nc3 d5 3. Nf3 Nf6 4. e5 Ne4 5. d4 Nxc3 6. bxc3 Bg4 7. h3 Bh5 8. Bd3 e6 9. O-O Be7 10. Be3 O-O 11. c4 Bg6 12. Rb1 b6 13. a4 Bxd3 14. cxd3 Nd7 15. Qc2 Qc8 16. Rfc1 Qa6 17. c5 Rfc8 18. Rb4 Qa5 19. Qc3 Rab8 20. Nd2 Qa6 21. Nb3 h6 22. Rb1 bxc5 23. Nxc5 Bxc5 24. Rxb8 Rxb8 25. Rxb8+ Nxb8 26. Qxc5 Qxa4 27. Bd2 Qb5 28. Qd6 Na6 29. Qd8+ Kh7 30. Qe7 Qxd3 31. Be3 Qf5 32. Qxa7 Nb4 33. g4 Qb1+ 34. Kg2 Qe4+ 35. Kg3 Kg6 36. Qc5 Nc2 37. h4 Nxe3 38. h5+ Kh7 39. fxe3 Qxe3+ 40. Kg2 Qf4 41. Kh3 Qf3+ 42. Kh4 Qg2 0-1


[Site "https://www.chess.com"]

[Event "Titled Tuesday Blitz July 26 Early 2022"]
[White "Bortnyk, Olexandr"]
[Black "Hansen, Eric"]
[WhiteFideId "14120828"]
[BlackFideId "2606771"]
[WhiteElo "2723"]
[BlackElo "2568"]
[Result "1-0"]
[Round "11"]
[TimeControl "180+1"]
[Date "2022.07.26"]
[WhiteClock "0:01:22"]
[BlackClock "0:01:16"]

1. d4 Nf6 2. Nc3 d5 3. Bf4 a6 4. e3 c5 5. Nf3 Nc6 6. Ne5 cxd4 7. exd4 Qb6 8. Na4 Qa5+ 9. c3 Nd7 10. b4 Nxb4 11. cxb4 Qxb4+ 12. Bd2 Qxd4 13. Nf3 Qf6 14. Rc1 e5 15. Qc2 Be7 16. Qxc8+ Rxc8 17. Rxc8+ Bd8 18. Bg5 O-O 19. Bxf6 Ba5+ 20. Kd1 Rxc8 21. Bxe5 1-0


[Site "https://www.chess.com"]

[Event "Titled Tuesday Blitz July 26 Early 2022"]
[White "Bryakin, Mikhail"]
[Black "Ansh M Shah"]
[WhiteFideId "4165314"]
[BlackFideId "25033379"]
[WhiteElo "2422"]
[BlackElo "1819"]
[Result "1-0"]
[Round "11"]
[TimeControl "180+1"]
[Date "2022.07.27"]
[WhiteClock "0:00:30"]
[BlackClock "0:00:05"]

1. e4 c6 2. c4 d5 3. cxd5 cxd5 4. e5 Nc6 5. d4 Bf5 6. Bd3 Bxd3 7. Qxd3 e6 8. Nf3 Nge7 9. O-O Nf5 10. Nc3 h5 11. Bg5 Be7 12. Bxe7 Qxe7 13. Nxd5 Qd7 14. Nc3 Nfxd4 15. Rfd1 Rd8 16. Nxd4 Qxd4 17. Qg3 Qxe5 18. Rxd8+ Kxd8 19. Rd1+ Ke7 20. Qh4+ g5 21. Qc4 Rd8 22. Rf1 Rd4 23. Qb3 Rb4 24. Qc2 Nd4 25. Qh7 Rxb2 26. Qxh5 Rc2 27. Nd1 Ne2+ 28. Kh1 Nf4 29. Qf3 Qd5 30. Qa3+ Qc5 31. Qb3 b6 32. Ne3 Rc3 33. Qb1 Qc6 34. Rg1 Ne2 35. Re1 Nf4 36. Rg1 a5 37. Qd1 Rd3 38. Qg4 Qc5 39. h4 Rd8 40. g3 Ng6 41. Qxg5+ Qxg5 42. hxg5 Ne5 43. Kg2 Rd2 44. Rb1 Nd7 45. a3 Ra2 46. Rb3 Kd6 47. Rd3+ Kc7 48. Nc4 Nc5 49. Rf3 Rc2 50. Rxf7+ Kc6 51. Ne3 Ne4 52. Nxc2 1-0


[Site "https://www.chess.com"]

[Event "Titled Tuesday Blitz July 26 Early 2022"]
[White "Coto Mederos, Michel"]
[Black "Blanco Ronquillo, Humberto L."]
[WhiteFideId "3508528"]
[BlackFideId "3504239"]
[WhiteElo "2427"]
[BlackElo "2423"]
[Result "0-1"]
[Round "11"]
[TimeControl "180+1"]
[Date "2022.07.27"]
[WhiteClock "0:00:08"]
[BlackClock "0:00:25"]

1. c4 e6 2. Nc3 d5 3. d4 a6 4. cxd5 exd5 5. Nf3 h6 6. Bf4 Nf6 7. e3 Bd6 8. Bxd6 Qxd6 9. Bd3 O-O 10. O-O Bg4 11. h3 Bxf3 12. Qxf3 Nbd7 13. Rac1 c6 14. Rc2 Rfe8 15. Na4 Ne4 16. a3 a5 17. Rfc1 Ndf6 18. Nc5 Nxc5 19. Rxc5 a4 20. R5c2 g6 21. Kh1 Kg7 22. Re1 Re6 23. g3 h5 24. Kg2 Qd7 25. Qf4 Ne8 26. Qg5 Nd6 27. Rce2 Rae8 28. g4 hxg4 29. hxg4 Qe7 30. Qf4 g5 31. Qg3 Rh8 32. Rh1 Rxh1 33. Kxh1 Ne4 34. Bxe4 Rxe4 35. Qg1 Rxd4 36. f3 Rc4 37. Kg2 Qf6 38. Kf2 Rc5 39. Rd2 Rb5 40. Qc1 Rb3 41. Rd4 Qe5 42. Qd2 Qh2+ 43. Ke1 Qg1+ 44. Ke2 Rxb2 45. Qxb2 Qg2+ 0-1


[Site "https://www.chess.com"]

[Event "Titled Tuesday Blitz July 26 Early 2022"]
[White "Cruz Mendez, Jean Marco"]
[Black "Ramirez Vido, Robert Yorisan"]
[WhiteFideId "3526402"]
[BlackFideId "3513823"]
[WhiteElo "2064"]
[BlackElo "2435"]
[Result "1-0"]
[Round "11"]
[TimeControl "180+1"]
[Date "2022.07.27"]
[WhiteClock "0:00:14"]
[BlackClock "0:00:01"]

1. e4 d6 2. d4 Nf6 3. Nc3 g6 4. f4 Bg7 5. Nf3 c5 6. dxc5 Qa5 7. Bd3 Qxc5 8. Qe2 O-O 9. Be3 Qb4 10. O-O-O Nxe4 11. Bxe4 Bxc3 12. bxc3 Qxe4 13. Rd4 Qe6 14. h4 Nc6 15. Rdd1 h5 16. g4 Qe4 17. Nd2 Qa4 18. gxh5 Bf5 19. Nb3 Na5 20. Nxa5 Qxa5 21. hxg6 Rac8 22. gxf7+ Rxf7 23. Rhg1+ Kf8 24. Bd4 Qa3+ 25. Kd2 Qxa2 26. Rc1 Qe6 27. Qh5 Ke8 28. Rg7 Kd7 29. Rxf7 Qe4 30. Qg5 Re8 31. Re1 1-0


[Site "https://www.chess.com"]

[Event "Titled Tuesday Blitz July 26 Early 2022"]
[White "Derraugh, Geordie"]
[Black "Legenia, Artem"]
[WhiteFideId "2603950"]
[BlackFideId "14136945"]
[WhiteElo "2116"]
[BlackElo "1936"]
[Result "1/2-1/2"]
[Round "11"]
[TimeControl "180+1"]
[Date "2022.07.27"]
[WhiteClock "0:00:03"]
[BlackClock "0:00:03"]

1. e4 e6 2. d3 c5 3. Nc3 Nc6 4. f4 d5 5. Nf3 g6 6. g3 Bg7 7. Bg2 Nge7 8. O-O O-O 9. Qe2 Rb8 10. a4 b6 11. Bd2 a6 12. Kh1 b5 13. axb5 axb5 14. exd5 exd5 15. Ne5 Nxe5 16. fxe5 Be6 17. Bg5 b4 18. Bxe7 Qxe7 19. Nxd5 Bxd5 20. Bxd5 Qxe5 21. Qxe5 Bxe5 22. Ra7 Bxb2 23. Rfxf7 Rxf7 24. Rxf7 Kh8 25. Rc7 Bd4 26. Kg2 Re8 27. Be4 Rf8 28. Bf3 Rb8 29. h4 b3 30. cxb3 Rxb3 31. Be4 Rb8 32. h5 gxh5 33. Rxh7+ Kg8 34. Rxh5 Kg7 35. g4 Rh8 36. Rd5 Rf8 37. g5 Rf7 38. Kg3 Ra7 39. Kg4 Rc7 40. Rd6 Ra7 41. Rg6+ Kf7 42. Rh6 Bg7 43. Rc6 Bd4 44. Kf5 Re7 45. Bd5+ Kg7 46. Be6 Ra7 47. Rc8 Rb7 48. Rg8+ Kh7 49. Ra8 Rc7 50. Ra2 Kg7 51. Rh2 Ra7 52. Rh6 Rc7 53. Rg6+ Kh7 54. Bg8+ Kh8 55. Bc4 Re7 56. Rh6+ Kg7 57. Rd6 Rc7 58. g6 Re7 59. Rd8 Re5+ 60. Kf4 Re7 61. Rg8+ Kh6 62. Kf5 Re5+ 63. Kf4 Re7 64. Kf5 Re5+ 65. Kg4 Rg5+ 66. Kf4 Rxg6 67. Re8 Rd6 68. Ke4 Rf6 69. Bd5 Rd6 70. Bc4 Rb6 71. Ra8 Rd6 72. Ra2 Rb6 73. Rg2 Rd6 74. Kf5 Rf6+ 75. Ke4 Rd6 76. Bf7 Rf6 77. Bd5 Rd6 78. Rh2+ Kg7 79. Rg2+ Kh6 80. Bf7 Rf6 81. Bd5 Rd6 1/2-1/2


[Site "https://www.chess.com"]

[Event "Titled Tuesday Blitz July 26 Early 2022"]
[White "Devaev, Alexander"]
[Black "Mamedov, Edgar"]
[WhiteFideId "4169395"]
[BlackFideId "13739980"]
[WhiteElo "2185"]
[BlackElo "2107"]
[Result "1-0"]
[Round "11"]
[TimeControl "180+1"]
[Date "2022.07.27"]
[WhiteClock "0:00:07"]
[BlackClock "0:00:04"]

1. Nf3 Nf6 2. c4 c6 3. e3 d5 4. b3 Bf5 5. Bb2 e6 6. Nh4 Bg4 7. Qc2 Nbd7 8. h3 Bh5 9. g4 Ne4 10. Nf3 Bg6 11. d3 Nef6 12. a3 Bd6 13. Nh4 e5 14. Bg2 dxc4 15. Nxg6 hxg6 16. Qxc4 Nb6 17. Qc2 Nbd5 18. Nd2 Qe7 19. Nc4 Bc7 20. b4 O-O-O 21. O-O-O Kb8 22. Kb1 g5 23. Rc1 Rhe8 24. Rhd1 g6 25. Qb3 Nd7 26. Rc2 f5 27. Rdc1 N7b6 28. Na5 Nc8 29. Rxc6 Bxa5 30. R6c5 Bxb4 31. axb4 Ndb6 32. Bxe5+ Nd6 33. d4 Ka8 34. Ra5 Ndc4 35. Rxc4 Nxc4 36. Qxc4 Rc8 37. Qb5 Qe6 38. Qxb7# 1-0


[Site "https://www.chess.com"]